 Dungeon Crawl Stone Soup version 0.30-b1-2-g02819fbbbe (webtiles) character file.

Game seed: 17646080361629555754

69 magipi the Digger (level 4, -4/24 HPs)
             Began as a Gargoyle Earth Elementalist on June 6, 2023.
             Slain by Terence
             ... wielding a +0 flail
              (9 damage)
             ... on level 3 of the Dungeon.
             The game lasted 00:06:41 (1764 turns).

magipi the Digger (Gargoyle Earth Elementalist)     Turns: 1764, Time: 00:06:41

Health: -4/24      AC:  8    Str: 12    XL:     4   Next: 20%
Magic:  0/8        EV: 11    Int: 17    God:
Gold:   131        SH:  0    Dex: 10    Spells: 2/8 levels left

rFire   . . .        (no weapon)
rCold   . . .        (no shield)
rNeg    + . .        f - +0 robe
rPois   ∞            h - +0 helmet
rElec   +            (no cloak)
rCorr   .            (no gloves)
SInv    .            t - +1 pair of boots
Will    .....        (no amulet)
Stlth   ++           (no ring)
HPRegen 0.24/turn    (no ring)
MPRegen 0.11/turn

%: no passive effects
@: no status effects
A: sickness immunity, AC +3, negative energy resistance 1, electricity
resistance, torment resistance 1, petrification resistance
a: no special abilities


You were on level 3 of the Dungeon.
You visited 1 branch of the dungeon, and saw 3 of its levels.

You collected 131 gold pieces.

Inventory:

Hand Weapons
 a - a +0 dagger
   (You took it off a kobold on level 1 of the Dungeon)
Armour
 e - a +0 kite shield
   (You found it on level 1 of the Dungeon)
 f - a +0 robe (worn)
 h - a +0 helmet (worn)
   (You found it on level 1 of the Dungeon)
 t - a +1 pair of boots (worn)
   (You found it on level 3 of the Dungeon)
Wands
 u - a wand of polymorph (5)
   (You found it on level 3 of the Dungeon)
Scrolls
 g - a scroll of enchant armour {unknown}
 i - 3 scrolls of identify {unknown}
 k - 2 scrolls of enchant weapon {unknown}
 l - a scroll of teleportation {unknown}
 n - 2 scrolls of fog {unknown}
 o - 3 scrolls of amnesia {unknown}
 r - 2 scrolls of immolation {unknown}
Potions
 b - a potion of magic
 c - 2 potions of mutation {unknown}
 d - a potion of curing {unknown}
 j - a potion of haste {unknown}
 m - a potion of degeneration {unknown}
 p - a potion of might {unknown}
 q - a potion of flight {unknown}
 s - a potion of ambrosia {unknown}


   Skills:
 - Level 1.5 Dodging
 - Level 2.1 Stealth
 + Level 2.8 Spellcasting
 * Level 0.1 Conjurations
 + Level 1.8 Transmutations
 + Level 4.5 Earth Magic


You had 2 spell levels left.
You knew the following spells:

 Your Spells              Type           Power      Damage    Failure   Level
e - Sandblast             Erth           34%        2d9       2%          1
s - Stone Arrow           Conj/Erth      20%        3d8       21%         3
w - Passwall              Tmut/Erth      10%        N/A       8%          2

Your spell library contained the following spells:

 Spells                   Type           Power      Damage    Failure   Level
 Sting                    Tmut/Pois      20%        1d4       12%         1
 Magic Dart               Conj           8%         1d3       17%         1
 Call Imp                 Summ           4%         N/A       26%         2
 Poisonous Vapours        Pois/Air       4%         N/A       26%         2
 Petrify                  Tmut/Erth      13%        N/A       43%         4
 Mephitic Cloud           Conj/Pois/Air  2%         N/A       45%         3
 Olgreb's Toxic Radiance  Pois           2%         N/A       87%         4


Dungeon Overview and Level Annotations

Branches:
Dungeon (3/15)

Altars:

Annotations:
D:3 Terence


Innate Abilities, Weirdness & Mutations

You are immune to sickness and miasma.
Your stone body is resilient. (AC +3)
You are immune to poison.
You resist negative energy. (rN+)
You are resistant to electric shocks. (rElec)
You are resistant to unholy torment.
You are immune to petrification.


Message History

Unknown command.
Casting: Stone Arrow (extremely dangerous; 21% risk of failure)
Confirm with . or Enter, or press ? or * to list all spells.
The spell is extremely dangerous to miscast (21% risk of failure)!
Continue anyway?
Aiming: Stone Arrow (extremely dangerous; 21% risk of failure)
Press: ? - help, Shift-Dir - straight line, f/p - Terence
Aim: Terence, wielding a +0 flail, wearing a +0 chain mail and carrying a wand of flame (20) (77% to hit)
The stone arrow hits Terence!
Terence is severely wounded.
Terence bares his teeth.
Unknown command.
Casting: Stone Arrow (extremely dangerous; 21% risk of failure)
Confirm with . or Enter, or press ? or * to list all spells.
Aiming: Sandblast (safe; 2% risk of failure)
Press: ? - help, Shift-Dir - straight line, f/p - Terence
Aim: Terence, wielding a +0 flail, wearing a +0 chain mail and carrying a wand of flame (20) (severely wounded, 87% to hit)
The blast of sand hits Terence but does no damage.
Terence is severely wounded.
Terence closely misses you. Terence hits you with a +0 flail.
* * * LOW HITPOINT WARNING * * *
Unknown command.
You are now empty-handed.
Unknown command.
Unknown command.
Casting: Sandblast (safe; 2% risk of failure)
Confirm with . or Enter, or press ? or * to list all spells.
Aiming: Sandblast (safe; 2% risk of failure)
Press: ? - help, Shift-Dir - straight line, f/p - Terence
Aim: Terence, wielding a +0 flail, wearing a +0 chain mail and carrying a wand of flame (20) (severely wounded, 87% to hit)
The blast of sand hits Terence but does no damage.
Terence is severely wounded.
Terence hits you with a +0 flail.
* * * LOW HITPOINT WARNING * * *
Casting: Sandblast (safe; 2% risk of failure)
Confirm with . or Enter, or press ? or * to list all spells.
You don't have enough magic to cast this spell.
Unknown command.
Unknown command.
Terence attacks as you move away! Terence hits you with a +0 flail!
You die...

###################
#...@@............#
#.###############.#
#.# #.#### #.#
#..>.. #........
#####. #........ #.
#...[.... #.
#........ #>
#........ #.


You could see Terence.

Vanquished Creatures
  An adder (D:2)
  2 dart slugs (D:1)
  7 ball pythons
  11 endoplasms
  2 giant cockroaches
  2 goblins
  5 hobgoblins
  5 jackals
  3 quokkas
  3 bats (D:1)
  A frilled lizard (D:1)
  2 kobolds (D:1)
  6 rats
50 creatures vanquished.

Notes
Turn   | Place    | Note
-------+----------+-------------------------------------------
     0 | D:1      | magipi the Gargoyle Earth Elementalist began the quest for
                  | the Orb.
     0 | D:1      | Reached XP level 1. HP: 10/10 MP: 3/3
    79 | D:1      | Reached skill level 1 in Transmutations
   145 | D:1      | Reached XP level 2. HP: 15/15 MP: 1/5
   263 | D:1      | Reached skill level 4 in Earth Magic
   406 | D:1      | Reached XP level 3. HP: 19/19 MP: 2/6
   409 | D:1      | Learned a level 2 spell: Passwall
   413 | D:1      | Learned a level 3 spell: Stone Arrow
  1074 | D:2      | Reached XP level 4. HP: 24/24 MP: 6/8
  1373 | D:3      | Found a faded altar of an unknown god.
  1437 | D:3      | Identified the +0 sling "Moleudukh" {speed, Str+2}
  1749 | D:3      | Noticed Terence
  1764 | D:3      | Slain by Terence

Illustrated notes

Levels and vault maps discovered:
D:1:      psy_arrival_whirlpool, layout_rooms
D:2:      layout_rooms
D:3:      layout_loops_ring, nicolae_ecumenical_snake_handling, uniq_terence

Skill      XL: |  1  2 |
---------------+-------+-----
Transmutations | 1 |  1.8
Earth Magic    | 4 |  4.5
Dodging        | |  1.5
Stealth        | |  2.1
Spellcasting   | |  2.8
Conjurations   | |  0.1

Action                     |  1- 3 |  4- 6 || total
---------------------------+-------+-------++-------
  Melee: Unarmed           |     7 |       ||     7
         Dagger            |     3 |     1 ||     4
   Cast: Sandblast         |    54 |    21 ||    75
         Stone Arrow       |       |     1 ||     1
   Stab: Sleeping          |       |     1 ||     1
 Armour: Robe              |    24 |     2 ||    26
  Dodge: Dodged            |    35 |     3 ||    38

Action                     |  1- 3 |  4- 6 || total
---------------------------+-------+-------++-------
  Melee: Unarmed           |     7 |       ||     7
         Dagger            |     3 |     1 ||     4
   Cast: Sandblast         |    54 |    21 ||    75
         Stone Arrow       |       |     1 ||     1
   Stab: Sleeping          |       |     1 ||     1
 Armour: Robe              |    24 |     2 ||    26
  Dodge: Dodged            |    35 |     3 ||    38
